 Dungeon Crawl Stone Soup version 0.28-a0-1080-g05a166d0ed (webtiles) character file.

Game seed: 13332315394107206398

30 spiderkeys the Ducker (level 3, -2/33 HPs)
             Began as a Deep Elf Abyssal Knight on Dec 10, 2021.
             Was a Follower of Lugonu.
             Slain by Sigmund (7 damage)
             ... on level 2 of the Dungeon.
             The game lasted 00:03:43 (2207 turns).

spiderkeys the Ducker (Deep Elf Abyssal Knight)     Turns: 2207, Time: 00:03:44

Health: -2/33      AC: 21    Str: 10    XL:     3   Next: 5%
Magic:  6/6        EV:  2    Int: 16    God:    Lugonu [*.....]
Gold:   51         SH:  0    Dex: 15    Spells: 2/2 levels left

rFire   . . .      SeeInvis +   j - +2 dagger (drain)
rCold   . . .      Faith    .   (no shield)
rNeg    . . .      Spirit   .   (armour currently unavailable)
rPois   +          Reflect  .   (helmet currently unavailable)
rElec   .          Harm     .   (cloak currently unavailable)
rCorr   .          Rampage  .   (gloves currently unavailable)
Will    .....      NoTele   +   (boots currently unavailable)
Stlth   +.........              (no amulet)
HPRegen 0.11/turn               v - ring of see invisible
MPRegen 0.10/turn               (no ring)

@: tree-form
A: stationary, stasis, torment immunity, boosted hp
a: Renounce Religion, Depart the Abyss


You were on level 2 of the Dungeon.
You worshipped Lugonu.
Lugonu was aware of your devotion.
You were a tree.
You visited 1 branch of the dungeon, and saw 2 of its levels.
You visited the Abyss 1 time.

You collected 51 gold pieces.


   Skills:
 + Level 2.6 Fighting
 + Level 2.3 Short Blades
 - Level 1.0 Armour
 + Level 3.0 Dodging
 + Level 2.4 Invocations


You had 2 spell levels left.
You didn't know any spells.
Your spell library was empty.

Inventory:

Hand Weapons
 a - a +1 short sword
 d - a +2 whip of holy wrath
   (You found it on level 2 of the Abyss)
 j - a +2 dagger of draining (weapon)
   (You took it off a kobold on level 1 of the Dungeon)
Missiles
 c - 5 boomerangs (quivered)
 f - 35 arrows
 i - 14 stones
Armour
 b - a +0 leather armour (melded)
 e - the +2 robe of Rihuhos {+Inv rF- Int+3 Archmagi}
   (You found it on level 2 of the Abyss)

   Int:       It affects your intelligence (+3).
   rF:        It makes you vulnerable to fire.
   +Inv:      It lets you turn invisible.
   Archmagi:  It increases the power of your magical spells.
Jewellery
 v - a ring of see invisible (left branch)
   (You found it on level 1 of the Abyss)
Potions
 g - a potion of lignification {!q}

Dungeon Overview and Level Annotations

Branches:
Dungeon (2/15)

Altars:

Annotations:
D:2 Sigmund

#####..# #..#
#..# #..# #..#
#..## #...###
#########.....#
#.....@.♣...#.#
#.###########.#
#.# #.# #.# #.#
#@# #.# ...#
#.# #..# #.#
#..# #.# ...
#.#


You could see Sigmund (invisible).


Message History

You throw a boomerang. The boomerang hits Sigmund.
Sigmund hits you from afar with a +0 scythe. 😕 HP[-4]
You take 4 damage, and now have 29/33 hp.
Throw: 6 boomerangs
Press: ? - help, Shift-Dir - straight line, f/p - Sigmund
Aim: Sigmund, wielding a +0 scythe and wearing a +0 robe (lightly wounded, slightly transparent, 55% to hit)
You throw a boomerang. The boomerang closely misses Sigmund.
Sigmund completely misses you.
Throw: 6 boomerangs
Press: ? - help, Shift-Dir - straight line, f/p - Sigmund
Aim: Sigmund, wielding a +0 scythe and wearing a +0 robe (lightly wounded, slightly transparent, 55% to hit)
You throw a boomerang. The boomerang barely misses Sigmund.
Sigmund hits you but does no damage.
Throw: 6 boomerangs
Press: ? - help, Shift-Dir - straight line, f/p - Sigmund
Aim: Sigmund, wielding a +0 scythe and wearing a +0 robe (lightly wounded, slightly transparent, 55% to hit)
You throw a boomerang.
The boomerang hits Sigmund but does no damage.
Sigmund hits you but does no damage.
You throw a boomerang. The boomerang hits Sigmund.
Sigmund hits you from afar with a +0 scythe. 😕 HP[-3]
You take 3 damage, and now have 26/33 hp.
You throw a boomerang. The boomerang barely misses Sigmund.
Sigmund hits you from afar with a +0 scythe. 😮 HP[-6]
You take 6 damage, and now have 20/33 hp.
You are too injured to fight recklessly!
You are too injured to fight recklessly!
Throw: 6 boomerangs
Press: ? - help, Q - select action, (/) - cycle Shift-Dir - straight line, f/p - Sigmund
Aim: Sigmund, wielding a +0 scythe and wearing a +0 robe (moderately wounded, slightly transparent, 55% to hit)
You throw a boomerang. The boomerang hits Sigmund.
Throw: 6 boomerangs
Press: ? - help, Q - select action, (/) - cycle Shift-Dir - straight line, f/p - Sigmund
Aim: Sigmund, wielding a +0 scythe and wearing a +0 robe (moderately wounded, slightly transparent, 55% to hit)
You throw a boomerang.
The boomerang completely misses Sigmund.
Sigmund hits you from afar with a +0 scythe. 😮 HP[-1]
You take 1 damage, and now have 19/33 hp.
Throw: 6 boomerangs
Press: ? - help, Q - select action, (/) - cycle Shift-Dir - straight line, f/p - Sigmund
Aim: Sigmund, wielding a +0 scythe and wearing a +0 robe (moderately wounded, slightly transparent, 55% to hit)
You throw a boomerang. The boomerang hits Sigmund.
Sigmund casts a spell at you.
You are confused.
Non-targeted confused throw: 6 boomerangs
Press: ? - help, Q - select action, (/) - cycle Dir - look around, f - activate You throw a boomerang.
Sigmund hits you from afar with a +0 scythe!
* * * LOW HITPOINT WARNING * * *
😨 HP[-9]
You take 9 damage, and now have 10/33 hp.
MASSIVE DAMAGE!! (PAUSE) Non-targeted confused throw: 6 boomerangs
Press: ? - help, Q - select action, (/) - cycle Dir - look around, f - activate You throw a boomerang.
Sigmund hits you but does no damage.
Non-targeted confused throw: 6 boomerangs
Press: ? - help, Q - select action, (/) - cycle Dir - look around, f - activate You throw a boomerang.
Sigmund hits you from afar with a +0 scythe.
* * * LOW HITPOINT WARNING * * *
😱 HP[-6]
You take 6 damage, and now have 4/33 hp.
Non-targeted confused throw: 6 boomerangs
Press: ? - help, Q - select action, (/) - cycle Dir - look around, f - activate You throw a boomerang.
You feel less confused. Sigmund hits you but does no damage.
Throw: 6 boomerangs
Press: ? - help, Q - select action, (/) - cycle Shift-Dir - straight line, f - Sigmund
Aim: Sigmund, wielding a +0 scythe and wearing a +0 robe (moderately wounded, slightly transparent, 55% to hit)
You throw a boomerang. The boomerang barely misses Sigmund.
Sigmund hits you but does no damage.
Throw: 5 boomerangs
Press: ? - help, Q - select action, (/) - cycle Shift-Dir - straight line, f/p - Sigmund
Aim: Sigmund, wielding a +0 scythe and wearing a +0 robe (moderately wounded, slightly transparent, 55% to hit)
You throw a boomerang. The boomerang hits Sigmund.
Sigmund hits you but does no damage. 😱 HP[+1] Throw: 5 boomerangs
Press: ? - help, Q - select action, (/) - cycle Shift-Dir - straight line, f/p - Sigmund
Aim: Sigmund, wielding a +0 scythe and wearing a +0 robe (heavily wounded, slightly transparent, 55% to hit)
You throw a boomerang. The boomerang hits Sigmund.
Sigmund hits you but does no damage.
Throw: 5 boomerangs
Press: ? - help, Q - select action, (/) - cycle Shift-Dir - straight line, f/p - Sigmund
Aim: Sigmund, wielding a +0 scythe and wearing a +0 robe (severely wounded, slightly transparent, 55% to hit)
You throw a boomerang. The boomerang barely misses Sigmund.
Throw: 5 boomerangs
Press: ? - help, Q - select action, (/) - cycle Shift-Dir - straight line, f/p - Sigmund
Aim: Sigmund, wielding a +0 scythe and wearing a +0 robe (severely wounded, slightly transparent, 55% to hit)
You throw a boomerang. The boomerang barely misses Sigmund.
Sigmund drinks a potion.
Sigmund is healed!
Sigmund hits you from afar with a +0 scythe!
You die...

Skill      XL: |  1  2 |
---------------+-------+-----
Armour         | 1 |  1.0
Dodging        | 3 |  3.0
Fighting       | |  2.6
Short Blades   | |  2.3
Invocations    | |  2.4

Action                   || total
-------------------------++-------
Melee: Whip              ||    20
       Short sword       ||    55
       Dagger            ||     6
Throw: Boomerang         ||    22
Invok: Depart the Abyss  ||     1
  Use: Scroll            ||     3
       Potion            ||     1
 Stab: Sleeping          ||     3
Armor: Leather armour    ||    10
       Robe              ||    14
       Skin              ||    10
Dodge: Dodged            ||    61

Levels and vault maps discovered:
D:1:      nicolae_arrival_kraken_aquarium_b, layout_basic, solitary_fountain,
          roderic_three_in_a_row, minmay_worlds_worst_comb
D:2:      layout_loops_ring, uniq_sigmund

Notes
Turn   | Place    | Note
-------+----------+-------------------------------------------
     0 | Abyss:1  | spiderkeys the Deep Elf Abyssal Knight began the quest for
                  | the Orb.
     0 | Abyss:1  | Reached XP level 1. HP: 13/13 MP: 4/4
     0 | Abyss:1  | magus.rc [v1.9.10]
   234 | Abyss:2  | Noticed a ynoxinul
   238 | Abyss:2  | Noticed a small abomination
   246 | Abyss:2  | Noticed a large abomination
   263 | Abyss:2  | Identified the +2 robe of Rihuhos {+Inv rF- Int+3 Archmagi}
   265 | D:1      | You pass through the gate.
   265 | D:1      | Escaped the Abyss
   268 | D:1      | Killed a demigod
   275 | D:1      | Killed an ogre
   275 | D:1      | Killed an ogre
   277 | D:1      | Killed a ghoul
   277 | D:1      | Killed an ogre
   277 | D:1      | Killed a kraken
   279 | D:1      | Noticed a vampire
   279 | D:1      | Noticed a minotaur
   279 | D:1      | Noticed a minotaur
   279 | D:1      | Noticed a gargoyle
   279 | D:1      | Noticed a naga
   279 | D:1      | Noticed a demonspawn
   279 | D:1      | Noticed a vampire
   279 | D:1      | Noticed a vampire
   279 | D:1      | Noticed a dwarf
   846 | D:1      | Reached skill level 1 in Armour
  1023 | D:1      | Reached XP level 2. HP: 8/18 MP: 5/5
  1715 | D:1      | Reached * piety under Lugonu
  1769 | D:1      | Reached skill level 3 in Dodging
  1769 | D:1      | Reached XP level 3. HP: 20/22 MP: 6/6
  1941 | D:2      | Noticed Sigmund
  2201 | D:2      | HP: 4/33 [Sigmund (6)]
  2207 | D:2      | Slain by Sigmund

Vanquished Creatures
  A dart slug (D:1)
  3 ball pythons
  4 endoplasms (D:1)
  5 giant cockroaches (D:1)
  4 goblins
  3 quokkas (D:1)
  A bat (D:1)
  2 frilled lizards (D:1)
  2 kobolds (D:1)
25 creatures vanquished.

Vanquished Creatures (others)
  A kraken (D:1)
  A ghoul (D:1)
  A demigod (D:1)
  3 ogres (D:1)
  An orc (D:1)
  5 tentacles (D:1)
12 creatures vanquished.

Grand Total: 37 creatures vanquished

Table legend:
 A = Non-vault XP
 B = Vault XP
 C = Vault XP percentage of total XP
 D = Non-vault monster count
 E = Vault monster count
 F = Vault count percentage of total count
                 A         B        C        D         E       F
            +---------+---------+-------+---------+---------+-------
      Total |      34 |      10 |  22.7 |      20 |       5 |  20.0
            +---------+---------+-------+---------+---------+-------
        D:1 |      31 |      10 |  24.4 |      18 |       5 |  21.7
        D:2 |       3 |       0 |   0.0 |       2 |       0 |   0.0
            +---------+---------+-------+---------+---------+-------

Illustrated notes

Table legend:
 A = Kills in this place as a percentage of kills in entire the game.
 B = Kills by you in this place as a percentage of kills by you in the entire game.
 C = Kills by friends in this place as a percentage of kills by friends in the entire game.
 D = Other kills in this place as a percentage of other kills in the entire game.
 E = Experience gained in this place as a percentage of experience gained in the entire game.
 F = Experience gained in this place divided by the number of levels of this place that you have seen.
                   A       B       C       D       E      F
               +-------+-------+-------+-------+-------+----------------------
         Total | 100.0 | 100.0 |   N/A |   N/A | 100.0 |  11.0
       Dungeon | 100.0 | 100.0 |   N/A |   N/A | 100.0 |  22.0
               +-------+-------+-------+-------+-------+----------------------

Table legend: (Time is in decaauts)
 A = Elapsed time spent in this place.
 B = Non-inter-level travel time spent in this place.
 C = Inter-level travel time spent in this place.
 D = Time resting spent in this place.
 E = Time spent auto-exploring this place.
 F = Levels seen in this place.
 G = Mean time per level.
                   A        B        C        D        E       F      G
               +--------+--------+--------+--------+--------+-----+--------+
         Total |   2213 |   2143 |     70 |    113 |   1700 |   4 |  553.2 |
       Dungeon |   1949 |   1879 |     70 |    113 |   1514 |   2 |  974.5 |
         Abyss |    263 |    263 |      0 |      0 |    186 |   2 |  131.5 |
               +--------+--------+--------+--------+--------+-----+--------+

Top non-repeatable levels by time:
     D:1: 1806 daAuts
 Abyss:1: 216 daAuts
     D:2: 143 daAuts
 Abyss:2: 47 daAuts
